 Dungeon Crawl Stone Soup version 0.31-a0-193-gdfe2569204 (webtiles) character file.

Game seed: 16253766984516971127

78 qw the Shooter (level 4, -22/25 HPs)
             Began as a Deep Elf Hunter on June 24, 2023.
             Annihilated by a two-headed ogre
             ... wielding a +0 giant spiked club
              (29 damage)
             ... on level 5 of the Dungeon.
             The game lasted 00:00:37 (2125 turns).

qw the Shooter (Deep Elf Hunter)                    Turns: 2125, Time: 00:00:39

Health: -22/25     AC:  5    Str: 10    XL:     4   Next: 15%
Magic:  6/6        EV: 11    Int: 14    God:
Gold:   213        SH:  0    Dex: 24    Spells: 3/3 levels left

rFire   . . .        Y - +0 shortbow
rCold   . . .        (shield currently unavailable)
rNeg    . . .        b - +0 ring mail
rPois   .            (no helmet)
rElec   .            (no cloak)
rCorr   .            (no gloves)
SInv    .            (no boots)
Will    .....        (no amulet)
Stlth   ++           h - +6 ring of dexterity
HPRegen 0.24/turn    (no ring)
MPRegen 0.10/turn

%: no passive effects
@: no status effects
A: no striking features
a: no special abilities


You were on level 5 of the Dungeon.
You visited 1 branch of the dungeon, and saw 4 of its levels.

You collected 213 gold pieces.


   Skills:
 - Level 1.5 Fighting
 + Level 7.6 Ranged Weapons
 - Level 2.4 Dodging
 - Level 1.2 Stealth


You had 3 spell levels left.
You didn't know any spells.
Your spell library was empty.

Inventory:

Hand Weapons
 Y - a +0 shortbow (weapon)
Armour
 b - a +0 ring mail (worn)
 f - a +0 pair of gloves
Jewellery
 h - a +6 ring of dexterity (left hand)
Scrolls
 a - 5 scrolls of teleportation
 d - 3 scrolls of identify
 i - a scroll of enchant weapon {unknown}
Potions
 c - 2 potions of degeneration {unknown}
 e - 2 potions of brilliance {unknown}
 g - a potion of cancellation {unknown}
 j - a potion of attraction {unknown}
 k - a potion of curing {unknown}
 l - a potion of berserk rage {unknown}
 m - a potion of haste {unknown}

Dungeon Overview and Level Annotations

Branches:
Dungeon (3/15)

Altars:


Message History

A hound comes into view.
Enter note:
Enter note: You shoot an arrow.
The arrow hits the hound.
The hound is moderately wounded.
You shoot an arrow. The arrow barely misses the hound.
You shoot an arrow.
The arrow hits the hound but does no damage.
The hound is moderately wounded.
You shoot an arrow. The arrow hits the hound.
The hound is moderately wounded.
The hound bites you.
You shoot an arrow. The arrow hits the hound!
The hound is almost dead.
The hound barely misses you. The hound closely misses you.
You shoot an arrow. The arrow completely misses the hound.
The hound bites you. x2
You shoot an arrow. The arrow hits the hound.
You kill the hound!
You have reached level 4!
You feel clever.
You start resting.
A two-headed ogre comes into view.
It is wielding a +0 giant spiked club and a +0 giant club.
You shoot an arrow.
The arrow barely misses the two-headed ogre.
The two-headed ogre shouts in stereo!
You shoot an arrow.
The arrow barely misses the two-headed ogre.
You shoot an arrow. The arrow hits the two-headed ogre.
The two-headed ogre is lightly wounded.
You shoot an arrow. The arrow hits the two-headed ogre!
The two-headed ogre is lightly wounded.
You shoot an arrow. The arrow hits the two-headed ogre!
The two-headed ogre is moderately wounded.
You shoot an arrow. The arrow hits the two-headed ogre.
The two-headed ogre is moderately wounded.
The two-headed ogre hits you with a +0 giant spiked club!
Ouch! That really hurt!
The two-headed ogre hits you with a +0 giant club!!
Ouch! That really hurt!
You die...

### ### ##..
#.###..# .
#.....# ..
#....# ...
##....####...#
##......#....#
##..###......#
##.###
#.@%...# ##.##
##O..>.# ##..#
.........
##..##
#.........
##..##
.....[...#
#...#
..........#
##..##
..##......#
##...# ..#
......#
##....#


You could see a two-headed ogre.

Vanquished Creatures
  A hound (D:5)
  2 worms (D:3)
  A dart slug (D:3)
  An orc (D:3)
  2 bats
  2 endoplasms (D:3)
  A giant cockroach (D:3)
  7 goblins
  2 hobgoblins
  2 quokkas
  6 ball pythons
  4 frilled lizards
  5 kobolds
  A rat (D:1)
37 creatures vanquished.

Notes
Turn   | Place    | Note
-------+----------+-------------------------------------------
     0 | D:1      | qw the Deep Elf Hunter began the quest for the Orb.
     0 | D:1      | Reached XP level 1. HP: 12/12 MP: 3/3
     0 | D:1      | 0 ||| qw: Version: 0.3-a-9-g12657ce
     0 | D:1      | 0 ||| qw: Game counter: 4683
     0 | D:1      | 0 ||| qw: Always use a shield: true
     0 | D:1      | 0 ||| qw: God list: Okawaru
     0 | D:1      | 0 ||| qw: Allow faded altars: false
     0 | D:1      | 0 ||| qw: Do Orc after D:15 true
     0 | D:1      | 0 ||| qw: Do second Lair branch before Depths: true
     0 | D:1      | 0 ||| qw: Lair rune preference: random
     0 | D:1      | 0 ||| qw: Plans: Normal
     0 | D:1      | 0 ||| PLANNING D:1-11
   198 | D:1      | Found a faded altar of an unknown god.
   336 | D:1      | Reached XP level 2. HP: 16/16 MP: 4/4
   391 | D:1      | 391 ||| FLEEEEING.
   393 | D:1      | 393 ||| FLEEEEING.
   394 | D:1      | 394 ||| FLEEEEING.
   398 | D:1      | Reached skill level 6 in Ranged Weapons
   475 | D:1      | 475 ||| UPGRADING to +0 scale mail.
   485 | D:1      | 485 ||| DROPPING +0 leather armour.
   486 | D:1      | 486 ||| READING 2 scrolls labelled VIRUIMYNKY.
   489 | D:1      | 489 ||| READING scroll labelled ODODITHRAZXI.
   490 | D:1      | 490 ||| READING scroll labelled UCOWNUMI ZUUTU.
   591 | D:1      | 591 ||| READING scroll labelled IDWUSUPUMO.
   592 | D:1      | 592 ||| READING scroll labelled XADIRU XEME.
   593 | D:1      | 593 ||| DROPPING scroll of butterflies.
   646 | D:2      | 646 ||| FLEEEEING.
   648 | D:2      | 648 ||| FLEEEEING.
   650 | D:2      | 650 ||| FLEEEEING.
   651 | D:2      | 651 ||| FLEEEEING.
   652 | D:2      | 652 ||| FLEEEEING.
   653 | D:2      | 653 ||| FLEEEEING.
   654 | D:2      | 654 ||| FLEEEEING.
   655 | D:2      | 655 ||| FLEEEEING.
   656 | D:2      | 656 ||| FLEEEEING.
   657 | D:2      | 657 ||| FLEEEEING.
   658 | D:2      | 658 ||| FLEEEEING.
   659 | D:2      | 659 ||| FLEEEEING.
  1129 | D:2      | 1129 ||| UPGRADING to +0 ring mail.
  1139 | D:2      | 1139 ||| DROPPING +0 scale mail.
  1140 | D:2      | 1140 ||| UPGRADING to +6 ring of dexterity.
  1141 | D:2      | 1141 ||| READING scroll labelled CEPEAG OCVUACK.
  1142 | D:2      | 1142 ||| DRINKING 2 smoky inky potions.
  1185 | D:2      | 1185 ||| DROPPING potion of lignification.
  1377 | D:3      | Reached XP level 3. HP: 20/20 MP: 5/5
  1665 | D:3      | Reached skill level 7 in Ranged Weapons
  1863 | D:3      | You fall into a shaft and drop 2 floors!
  1863 | D:5      | Entered Level 5 of the Dungeon
  2108 | D:5      | Reached XP level 4. HP: 19/25 MP: 6/6
  2119 | D:5      | Noticed a two-headed ogre
  2125 | D:5      | Annihilated by a two-headed ogre

Levels and vault maps discovered:
D:1:      minmay_arrival_four_houses, layout_rooms,
          hellmonk_ecumenical_altar_crossroads
D:2:      layout_loops_ring
D:3:      layout_basic
D:5:      layout_layer_cave, grunt_decor_fettered, glass_columns_b,
          chequers_serial_rivers_micro_e

Skill      XL: |  1  2  3 |
---------------+----------+-----
Ranged Weapons | 6 7 |  7.6
Fighting       | |  1.5
Dodging        | |  2.4
Stealth        | |  1.2

Action                     |  1- 3 |  4- 6 || total
---------------------------+-------+-------++-------
   Fire: Shortbow          |    86 |     6 ||    92
    Use: Scroll            |     6 |       ||     6
         Potion            |     1 |       ||     1
 Armour: Scale mail        |     2 |       ||     2
         Ring mail         |     2 |       ||     2
  Dodge: Dodged            |    14 |       ||    14

Table legend:
 A = Non-vault XP
 B = Vault XP
 C = Vault XP percentage of total XP
 D = Non-vault monster count
 E = Vault monster count
 F = Vault count percentage of total count
                 A         B        C        D         E       F
            +---------+---------+-------+---------+---------+-------
      Total |     112 |       0 |   0.0 |      37 |       0 |   0.0
            +---------+---------+-------+---------+---------+-------
        D:1 |      14 |       0 |   0.0 |       9 |       0 |   0.0
        D:2 |      12 |       0 |   0.0 |       8 |       0 |   0.0
        D:3 |      41 |       0 |   0.0 |      19 |       0 |   0.0
        D:5 |      45 |       0 |   0.0 |       1 |       0 |   0.0
            +---------+---------+-------+---------+---------+-------
